 Dungeon Crawl Stone Soup version 0.28.0-53-g5a82cb258f (webtiles) character file.

Game seed: 1461743124621316694

4 shadowstone the Magician (level 1, -1/15 HPs)
             Began as a Djinni Necromancer on June 5, 2022.
             Slain by a gnoll
             ... wielding a +0 club
              (9 damage)
             ... on level 1 of the Dungeon.
             The game lasted 00:01:18 (341 turns).

shadowstone the Magician (Djinni Necromancer)        Turns: 341, Time: 00:01:19

Health: -1/15      AC:  2    Str:  7    XL:     1   Next: 66%
Gold:   9          EV: 12    Int: 16    God:
                   SH:  0    Dex: 13

rFire   + + .      SeeInvis .   b - +0 rapier
rCold   x . .      Faith    .   (no shield)
rNeg    . . .      Spirit   .   a - +0 robe
rPois   ∞          Reflect  .   (no helmet)
rElec   .          Harm     .   (no cloak)
rCorr   .          Rampage  .   (no gloves)
Will    .....                   (boots unavailable)
Stlth   ++........              (no amulet)
HPRegen 0.05/turn               (no ring)
MPRegen 0.00/turn               (no ring)

@: flying
A: sickness immunity, fire resistance 2, cold vulnerability 1, float, innate
caster, HP casting, extra vitality 1
a: no special abilities


You were on level 1 of the Dungeon.
You visited 1 branch of the dungeon, and saw 1 of its levels.

You collected 9 gold pieces.

Inventory:

Hand Weapons
 b - a +0 rapier (weapon)
Missiles
 c - 22 sling bullets
Armour
 a - a +0 robe (worn)
Scrolls
 d - a scroll of enchant armour {unknown}
 e - a scroll of magic mapping {unknown}
 f - a scroll of blinking {unknown}
 g - a scroll of fog {unknown}
 h - a scroll of identify {unknown}


   Skills:
 + Level 2.1 Dodging
 + Level 1.5 Stealth
 + Level 3.4 Spellcasting


You couldn't memorise any spells.
You knew the following spells:

 Your Spells              Type           Power      Damage    Failure   Level
a - Pain                  Necr           52%        1d6       4%          1
b - Animate Skeleton      Necr           26%        N/A       4%          1
c - Vampiric Draining     Necr           13%        2d6       13%         3
d - Animate Dead          Necr           6%         N/A       41%         4
e - Agony                 Necr           13%        N/A       77%         5
Your spell library was empty.

Dungeon Overview and Level Annotations

Branches:
Dungeon (1/15)

Altars:


Innate Abilities, Weirdness & Mutations

You are immune to sickness and miasma.
You are immune to poison.
Your flesh is very heat resistant. (rF++)
You are vulnerable to cold. (rC-)
You float through the air rather than walking.
You learn spells naturally, not from books.
Your magical power is your life essence.
You have superior vitality. (+4 MHP)


Message History

A ball python comes into view.
You see here a fizzy orange potion.
The ball python closely misses you. The ball python grabs you.
The ball python constricts you. The ball python bites you.
The ball python constricts you.
You hit the ball python.
The ball python is heavily wounded.
The ball python bites you but does no damage.
The ball python constricts you.
You hit the ball python.
You kill the ball python!
You see here a ball python corpse.
You start resting.
HP restored.
Found a scroll labelled EPRUDUISOI.
A bat comes into view.
The bat closely misses you. The bat barely misses you.
The bat closely misses you.
A gnoll comes into view. It is wielding a +0 club.
The gnoll shouts!
You hit the bat.
You kill the bat!
You see here a bat corpse.
You see here a bat corpse.
You see here a bat corpse.
You hit the gnoll.
The gnoll is moderately wounded.
The gnoll closely misses you. The gnoll barely misses you.
You hit the gnoll.
The gnoll is severely wounded.
The gnoll completely misses you.
You hit the gnoll.
The gnoll is severely wounded.
The gnoll hits you with a +0 club!
You hit the gnoll.
The gnoll is almost dead.
The gnoll hits you with a +0 club!
Ouch! That really hurt!
You die...

..## .###.............. ≈≈≈≈
..................#
..####..................###
..........................#
..........................#
.................?........#
..................#.......#
................g.#.......###
####.........#..@...........#
.............####...........#
................#...........#
................#...........#
...#............#...........#
...#............#...........#
####..).........#...........#
# ########.....#...........#
# #.....#..........†#


You could see a gnoll.

Vanquished Creatures
  A ball python (D:1)
  A quokka (D:1)
  A bat (D:1)
  A frilled lizard (D:1)
4 creatures vanquished.

Notes
Turn   | Place    | Note
-------+----------+-------------------------------------------
     0 | D:1      | shadowstone the Djinni Necromancer began the quest for the
                  | Orb.
     0 | D:1      | Reached XP level 1. HP: 15/15 MP: 0/0
   341 | D:1      | Slain by a gnoll

Illustrated notes

Levels and vault maps discovered:
D:1:      enne_arrival_octagon_isle, layout_basic,
          nicolae_ecumenical_lake_church, chequers_serial_rivers_room_a,
          chequers_serial_rivers_micro_a

Action                   || total
-------------------------++-------
Melee: Rapier            ||    11
Armor: Robe              ||     1
Dodge: Dodged            ||     9
